 Dungeon Crawl Stone Soup version 0.31.0-9-g3a7656b989 (webtiles) character file.

Game seed: 5951266436827284048

123 qw the Skirmisher (level 4, -1/25 HPs)
             Began as a Deep Elf Hunter on Feb 2, 2024.
             Engulfed by a steam dragon's steam (4 damage)
             ... on level 4 of the Dungeon.
             The game lasted 00:00:07 (2673 turns).

qw the Skirmisher (Deep Elf Hunter)                 Turns: 2673, Time: 00:00:08

Health: -1/25      AC:  8    Str: 10    XL:     4   Next: 80%
Magic:  6/6        EV: 11    Int: 14    God:
Gold:   242        SH:  0    Dex: 18    Spells: 3/3 levels left

rFire   . . .        a - +0 shortbow
rCold   . . .        (shield currently unavailable)
rNeg    . . .        h - +0 ring mail
rPois   .            (no helmet)
rElec   .            (no cloak)
rCorr   .            e - +2 pair of gloves
SInv    .            (no boots)
Will    .....        (no amulet)
Stlth   +            (no ring)
HPRegen 0.24/turn    (no ring)
MPRegen 0.10/turn

%: no passive effects
@: about to teleport
A: no striking features
a: no special abilities


You were on level 4 of the Dungeon.
You visited 1 branch of the dungeon, and saw 4 of its levels.

You collected 242 gold pieces.


   Skills:
 - Level 1.5 Fighting
 + Level 8.2 Ranged Weapons
 - Level 2.4 Dodging
 - Level 1.2 Stealth


You had 3 spell levels left.
You didn't know any spells.
Your spell library was empty.

Inventory:

Hand Weapons
 a - a +0 shortbow (weapon)
Armour
 e - a +2 pair of gloves (worn)
 h - a +0 ring mail (worn)
Potions
 b - a potion of resistance
 d - 2 potions of curing
 k - a potion of enlightenment
 l - a potion of cancellation

Dungeon Overview and Level Annotations

Branches:
Dungeon (4/15)
 Temple: D:4-7

Altars:
Fedhas
Sif Muna
Uskayaw
The Shining One


Message History

You now have 229 gold pieces (gained 8).
You see here a +0 dagger.
You see here a +0 dagger.
Found an escape hatch in the floor.
Found a stone staircase leading down.
A dart slug comes into view.
The dart slug launches a dart at you. The slug dart misses you.
You shoot an arrow.
The arrow hits the dart slug but does no damage.
The dart slug launches a dart at you.
The slug dart hits you but does no damage.
You shoot an arrow. The arrow barely misses the dart slug.
You shoot an arrow. The arrow hits the dart slug!
You kill the dart slug!
You now have 242 gold pieces (gained 13).
A steam dragon comes into view.
You shoot an arrow. The arrow hits the steam dragon!
The steam dragon hisses angrily.
The steam dragon is moderately wounded.
You shoot an arrow. The arrow hits the steam dragon.
The steam dragon is heavily wounded.
You shoot an arrow.
The arrow hits the steam dragon but does no damage.
The steam dragon is heavily wounded.
You shoot an arrow.
The arrow closely misses the steam dragon.
The steam dragon breathes steam at you. The ball of steam hits you!!
Ouch! That really hurt!
2671 ||| READING scroll of teleportation.
As you read the scroll of teleportation, it crumbles to dust.
You feel strangely unstable.
You shoot an arrow.
The arrow barely misses the steam dragon.
You are engulfed in a cloud of scalding steam.
You shoot an arrow. The arrow hits the steam dragon.
The steam dragon is heavily wounded.
You are engulfed in a cloud of scalding steam.
You die...

#.#... #¤.....
##....... ###....~...
...?..~~...
#.#D.......
#.#¤¤......
#.#@.......
#.¤.......#
#.#~......#
#.#.~.....#
##.#~.....%## #.
#...........####..
#.##..............
#####.................
...#...##..¤¤¤........


You could see a steam dragon (catching breath).

Vanquished Creatures
  7 adders
  A ribbon worm (D:3)
  A dart slug (D:4)
  An orc (D:3)
  2 bats (D:3)
  2 endoplasms (D:1)
  3 giant cockroaches
  7 goblins
  7 hobgoblins
  3 jackals (D:1)
  3 quokkas
  4 ball pythons
  4 frilled lizards
  5 kobolds
  3 rats
53 creatures vanquished.

Notes
Turn   | Place    | Note
-------+----------+-------------------------------------------
     0 | D:1      | qw the Deep Elf Hunter began the quest for the Orb.
     0 | D:1      | Reached XP level 1. HP: 12/12 MP: 3/3
     0 | D:1      | 0 ||| qw: Version: 0.3-a-155-g5e7d8dd
     0 | D:1      | 0 ||| qw: Game counter: 1335
     0 | D:1      | 0 ||| qw: Melee chars always use a shield: true
     0 | D:1      | 0 ||| qw: God list: Okawaru
     0 | D:1      | 0 ||| qw: Allow faded altars: false
     0 | D:1      | 0 ||| qw: Do Orc after clearing Dungeon:15 true
     0 | D:1      | 0 ||| qw: Do second Lair branch before Depths: true
     0 | D:1      | 0 ||| qw: Lair rune preference: random
     0 | D:1      | 0 ||| qw: Goals: Normal
     0 | D:1      | 0 ||| PLANNING D:1-11
   229 | D:1      | Reached XP level 2. HP: 16/16 MP: 4/4
   235 | D:1      | Reached skill level 6 in Ranged Weapons
   551 | D:1      | Found a faded altar of an unknown god.
   753 | D:1      | 753 ||| UPGRADING to +2 pair of gloves.
   758 | D:1      | 758 ||| READING scroll labelled SIGHOTH EGAIJE.
   759 | D:1      | 759 ||| DROPPING scroll of butterflies.
  1180 | D:2      | Reached XP level 3. HP: 20/20 MP: 5/5
  1345 | D:2      | Reached skill level 7 in Ranged Weapons
  1523 | D:2      | 1523 ||| READING 4 scrolls labelled PEYKHL UVVA.
  1523 | D:2      | 1523 ||| IDENTIFYING clear potion
  1524 | D:2      | 1524 ||| READING 3 scrolls of identify.
  1524 | D:2      | 1524 ||| IDENTIFYING scroll labelled BAKEATONUC
  1525 | D:2      | 1525 ||| READING 2 scrolls of identify.
  1525 | D:2      | 1525 ||| IDENTIFYING scroll labelled MEMNUH CYDWYAR
  1526 | D:2      | 1526 ||| READING scroll of identify.
  1526 | D:2      | 1526 ||| IDENTIFYING scroll labelled TURIHIY IZXIUSS
  1527 | D:2      | 1527 ||| DROPPING scroll of amnesia.
  1528 | D:2      | 1528 ||| DROPPING scroll of blinking.
  1677 | D:3      | Reached XP level 4. HP: 24/25 MP: 6/6
  2168 | D:3      | Reached skill level 8 in Ranged Weapons
  2409 | D:3      | Found a blossoming altar of Fedhas.
  2491 | D:3      | 2491 ||| UPGRADING to +0 ring mail.
  2501 | D:3      | 2501 ||| DROPPING +0 leather armour.
  2502 | D:3      | 2502 ||| READING 4 scrolls of identify.
  2502 | D:3      | 2502 ||| IDENTIFYING silvery potion
  2503 | D:3      | 2503 ||| READING 3 scrolls of identify.
  2503 | D:3      | 2503 ||| IDENTIFYING fuming red potion
  2504 | D:3      | 2504 ||| READING 2 scrolls of identify.
  2504 | D:3      | 2504 ||| IDENTIFYING 2 green potions
  2505 | D:3      | 2505 ||| READING scroll of identify.
  2505 | D:3      | 2505 ||| IDENTIFYING scroll labelled WIECOE NOXKA
  2506 | D:3      | 2506 ||| READING scroll labelled EREYSTR DUIP.
  2507 | D:3      | 2507 ||| DROPPING scroll of silence.
  2557 | D:4      | Found a shimmering blue altar of Sif Muna.
  2557 | D:4      | Found a glowing golden altar of the Shining One.
  2559 | D:4      | Found a hide-covered altar of Uskayaw.
  2666 | D:4      | Noticed a steam dragon
  2670 | D:4      | HP: 3/25 [steam dragon/ball of steam (22)]
  2671 | D:4      | 2671 ||| READING scroll of teleportation.
  2673 | D:4      | Engulfed by a steam dragon's steam

Levels and vault maps discovered:
D:1:      dpeg_arrival_erosion, layout_basic,
          shapermc_ecumenical_altar_mp_vishouse, chequers_serial_rivers_small_3
D:2:      layout_loops_corners
D:3:      minmay_inner_zag, layout_basic, marbit_many_paths, minmay_distorted
D:4:      layout_rooms, chequers_temple_overflow_statue_of_worship,
          minmay_temple_entry_proselytizer, minmay_crystal_room, st_stairs_6,
          kennysheep_decorative_pillar, uniq_crazy_yiuf_cottage

Skill      XL: |  1  2  3  4 |
---------------+-------------+-----
Ranged Weapons | 6 7 8 |  8.2
Fighting       | |  1.5
Dodging        | |  2.4
Stealth        | |  1.2

Action                     |  1- 3 |  4- 6 || total
---------------------------+-------+-------++-------
   Fire: Shortbow          |    75 |    73 ||   148
    Use: Scroll            |     5 |     6 ||    11
 Armour: Leather armour    |    11 |    18 ||    29
         Ring mail         |       |     4 ||     4
  Dodge: Dodged            |     6 |    17 ||    23

Table legend:
 A = Non-vault XP
 B = Vault XP
 C = Vault XP percentage of total XP
 D = Non-vault monster count
 E = Vault monster count
 F = Vault count percentage of total count
                 A         B        C        D         E       F
            +---------+---------+-------+---------+---------+-------
      Total |     159 |      18 |  10.2 |      44 |       9 |  17.0
            +---------+---------+-------+---------+---------+-------
        D:1 |      30 |       0 |   0.0 |      17 |       0 |   0.0
        D:2 |      43 |       0 |   0.0 |      12 |       0 |   0.0
        D:3 |      78 |      18 |  18.8 |      11 |       9 |  45.0
        D:4 |       8 |       0 |   0.0 |       4 |       0 |   0.0
            +---------+---------+-------+---------+---------+-------
